 Dungeon Crawl Stone Soup version 0.31-a0-177-g4aa6249778 (webtiles) character file.

Game seed: 5079878849028387933

50 Hajna the Sneak (level 4, -8/24 HPs)
             Began as a Kobold Enchanter on June 19, 2023.
             Mangled by a gnoll
             ... wielding a +0 flail
              (12 damage)
             ... on level 2 of the Dungeon.
             The game lasted 00:02:30 (1407 turns).

Hajna the Sneak (Kobold Enchanter)                  Turns: 1407, Time: 00:02:30

Health: -8/24      AC:  3    Str:  5    XL:     4   Next: 4%
Magic:  5/7        EV: 15    Int: 16    God:
Gold:   85         SH:  0    Dex: 17    Spells: 5/7 levels left

rFire   . . .        a - +1 dagger
rCold   . . .        (no shield)
rNeg    . . .        b - +0 robe
rPois   .            (no helmet)
rElec   .            (no cloak)
rCorr   .            (no gloves)
SInv    .            d - +0 pair of boots
Will    .....        (no amulet)
Stlth   ++++         (no ring)
HPRegen 0.24/turn    (no ring)
MPRegen 0.10/turn

%: no passive effects
@: very slightly contaminated
A: small, no large weapons, nightstalker 3
a: no special abilities


You were on level 2 of the Dungeon.
You visited 1 branch of the dungeon, and saw 2 of its levels.

You collected 85 gold pieces.

Inventory:

Hand Weapons
 a - a +1 dagger (weapon)
Missiles
 g - 2 poisoned darts
Armour
 b - a +0 robe (worn)
 d - a +0 pair of boots (worn)
Jewellery
 f - a ring of see invisible
Scrolls
 h - a scroll of fog {unknown}
 i - a scroll of amnesia {unknown}
 j - a scroll of poison
Potions
 c - 2 potions of invisibility
 e - a potion of cancellation {unknown}
 k - a potion of heal wounds {unknown}


   Skills:
 + Level 1.9 Short Blades
 + Level 2.9 Dodging
 * Level 5.1 Stealth
 + Level 2.4 Spellcasting
 + Level 3.3 Hexes
 + Level 0.1 Ice Magic


You had 5 spell levels left.
You knew the following spells:

 Your Spells              Type           Power      Damage    Failure   Level
a - Ensorcelled Hibernat  Hex/Ice        14%        N/A       14%         2

Your spell library contained the following spells:

 Spells                   Type           Power      Damage    Failure   Level
 Confusing Touch          Hex            12%        N/A       16%         3
 Tukima's Dance           Hex            12%        N/A       16%         3
 Dazzling Flash           Conj/Hex       14%        N/A       30%         3
 Portal Projectile        Hex/Tloc       14%        N/A       30%         3
 Call Canine Familiar     Summ           1%         N/A       52%         3
 Leda's Liquefaction      Hex/Erth       3%         N/A       69%         4


Dungeon Overview and Level Annotations

Branches:
Dungeon (2/15)

Altars:


Innate Abilities, Weirdness & Mutations

You are small and have problems with some larger weapons.
You are completely attuned to the shadows.


Message History

Found a pair of boots.
You now have 85 gold pieces (gained 12).
Found a leather armour.
A gnoll comes into view. It is wielding a +0 whip.
A gnoll comes into view.
It is wielding a +0 flail. 2 gnolls come into view.
The gnoll shouts! x2; You hear a shout!
A kobold comes into view. It is wielding a +0 dagger.
The gnoll closely misses you.
You hit the gnoll.
The gnoll is lightly wounded.
The gnoll hits you with a +0 flail. The gnoll attacks as you move away!
The gnoll barely misses you. The gnoll misses you.
The gnoll attacks as you move away! The gnoll barely misses you.
Found 7 stones.
The gnoll attacks as you move away! The gnoll completely misses you.
You barely miss the gnoll. The gnoll closely misses you.
You barely miss the gnoll. The gnoll hits you with a +0 flail.
You hit the gnoll but do no damage. The gnoll completely misses you.
You hit the gnoll.
The gnoll is lightly wounded.
The gnoll barely misses you.
You barely miss the gnoll.
The gnoll is lightly wounded.
The gnoll hits you with a +0 flail.
You closely miss the gnoll.
The gnoll is lightly wounded.
The gnoll hits you with a +0 flail!
* * * LOW HITPOINT WARNING * * *
You are too injured to fight recklessly!
Aiming: Ensorcelled Hibernation (safe; 14% risk of failure)
Press: ? - help, Q - select action, (/) - cycle Shift-Dir - straight line, f - gnoll
Aim: a gnoll, wielding a +0 flail (lightly wounded, chance to affect: 50%)
You miscast Ensorcelled Hibernation.
You are very lightly contaminated with residual magic.
Nothing appears to happen.
The gnoll hits you with a +0 flail!
Ouch! That really hurt!
You die...

#. #.##.# #.#
.##.##.##[############.#######
#<............................
...†......########.....#######
#..####...# ##...#### ...
#...# ......... # ## #...#
.#...####. #
##.[.#####(##....... ##
.....Kgg@..##..##### #.
##...g#######..# #. #....g.#
#..# #< #...g..### #..# #.
#.[......###..###### #.
#............>.....# #.
........#########.# #.
......#.# #.# ##. ###...#.#
#.# #..


You could see 3 gnolls and a kobold.

Vanquished Creatures
  An adder (D:2)
  2 dart slugs (D:1)
  5 endoplasms (D:1)
  2 giant cockroaches (D:1)
  5 goblins
  2 hobgoblins
  2 kobolds (D:1)
  3 quokkas
  2 ball pythons (D:1)
  2 bats (D:1)
  3 frilled lizards
  6 rats
35 creatures vanquished.

Notes
Turn   | Place    | Note
-------+----------+-------------------------------------------
     0 | D:1      | Hajna the Kobold Enchanter began the quest for the Orb.
     0 | D:1      | Reached XP level 1. HP: 10/10 MP: 3/3
   122 | D:1      | Found a faded altar of an unknown god.
   168 | D:1      | Reached XP level 2. HP: 15/15 MP: 5/5
   171 | D:1      | Learned a level 2 spell: Ensorcelled Hibernation
   571 | D:1      | Reached XP level 3. HP: 19/19 MP: 6/6
  1173 | D:2      | Reached skill level 5 in Stealth
  1213 | D:2      | Reached XP level 4. HP: 22/24 MP: 0/7
  1407 | D:2      | Mangled by a gnoll

Illustrated notes

Levels and vault maps discovered:
D:1:      wander_arrival_peaceful_grave, layout_basic,
          dreamdust_ecumenical_altar_hidden_monk_grotto, minmay_tetromino_t2
D:2:      layout_loops_ring, serial_shops, nicolae_shop_gaudy_bauble,
          uniq_terence, uniq_crazy_yiuf_cottage

Skill      XL: |  1  2  3 |
---------------+----------+-----
Stealth        | 5 |  5.1
Short Blades   | |  1.9
Dodging        | |  2.9
Spellcasting   | |  2.4
Hexes          | |  3.3
Ice Magic      | |  0.1

Action                     |  1- 3 |  4- 6 || total
---------------------------+-------+-------++-------
  Melee: Dagger            |    63 |    11 ||    74
   Cast: Ensorcelled Hiber |    11 |     1 ||    12
    Use: Scroll            |     1 |       ||     1
   Stab: Sleeping          |    25 |     2 ||    27
 Armour: Robe              |     3 |       ||     3
  Dodge: Dodged            |    33 |    11 ||    44

Table legend: (Time is in decaauts)
 A = Elapsed time spent in this place.
 B = Non-inter-level travel time spent in this place.
 C = Inter-level travel time spent in this place.
 D = Time resting spent in this place.
 E = Time spent auto-exploring this place.
 F = Levels seen in this place.
 G = Mean time per level.
                   A        B        C        D        E       F      G
               +--------+--------+--------+--------+--------+-----+--------+
         Total |   1400 |   1380 |     20 |      0 |   1127 |   2 |  700.0 |
       Dungeon |   1400 |   1380 |     20 |      0 |   1127 |   2 |  700.0 |
               +--------+--------+--------+--------+--------+-----+--------+

Top non-repeatable levels by time:
     D:1: 1064 daAuts
     D:2: 336 daAuts
